tourhack, neutral male human Tourist ---- --- |..--- --.---- --....-- ----.....-------......| ---.|.........--.^.....---- -----..-....@........|......|.-- |..|.......[.H.-...-----.......| -........)<.......-- |.......-- |.........|))[.......|----|........| -.......----.........--..---.......-- .........-- |-.............||........| | --------..........-----............[------...--- - |...................................................| -- --- --........--.---........---..---------------- .......... --- -........| ---- ............ |....|...-- --.......... |....|...- ........... ---....... ......!...-- --.....-- -----.|.-- ---.--- ---- --- tourhack the Excursionist Experience level: 7 Strength: 17 Dexterity: 13 Constitution: 17 Intelligence: 11 Wisdom: 9 Charisma: 18 Health: 0(59) Energy: 23(23) Def: 11 Gold: 2467 Moves: 11814 Dungeon seed: d44ShwTZRk7vNzmE Game ID: tourhack_1440789349 Your Inventory: Coins $ - 2467 gold pieces Amulets z - a cursed amulet of strangulation G - an uncursed amulet of reflection (being worn) Weapons a - 6 +2 darts (in quiver) m - a rusty +0 axe (weapon in hand) s - a blessed rusty +0 orcish dagger x - 7 +0 arrows B - 22 +0 darts F - 26 +0 daggers H - 4 +0 orcish daggers J - 3 +1 arrows R - a +0 bow T - 13 cursed +0 darts Armor e - an uncursed +0 Hawaiian shirt (being worn) n - an uncursed +0 dwarvish mithril-coat (being worn) q - an uncursed +0 dwarvish cloak r - an uncursed +0 dwarvish iron helm (being worn) y - an uncursed +0 dwarvish cloak L - an uncursed +0 dwarvish cloak N - an uncursed +0 dwarvish cloak Q - an uncursed +0 dwarvish cloak U - an uncursed +0 dwarvish cloak V - an uncursed +0 dwarvish cloak Y - an uncursed +1 pair of water walking boots (being worn) Z - a blessed +1 dwarvish cloak (being worn) Comestibles b - 3 uncursed food rations d - 4 uncursed fortune cookies f - 5 uncursed tripe rations h - an uncursed apple o - an uncursed lembas wafer M - an uncursed egg W - an uncursed banana Scrolls i - a blessed scroll of genocide u - a blessed scroll of blank paper Spellbooks A - an uncursed spellbook of haste self Potions D - an uncursed potion of water P - a blessed potion of paralysis Rings C - an uncursed ring of free action Wands j - a wand of undead turning (0:4) p - a wand of cancellation (0:3) Tools k - an uncursed credit card l - an expensive camera (0:77) v - a cursed wax candle (0:400) w - an uncursed oil lamp (0:1086) E - 11 uncursed tallow candles (0:200) I - a can of grease (0:3) O - a +0 pick-axe S - 3 uncursed wax candles (0:400) Gems K - 3 uncursed worthless pieces of violet glass X - an uncursed amethyst stone Spells and supernatural/magical abilities: Name Level Category Fail Memory W - pray for help -- divine ? -- Your skills at the end: Fighting Skills Weapon Skills dart [Skilled] Spellcasting Skills Final Attributes: You were piously aligned. You were cold resistant. You were poison resistant. You were telepathic. You could walk on water. You had reflection. You are dead. Vanquished creatures: 2 giant mimics a quivering blob 7 leprechauns 2 dwarf lords 2 blue jellies a snake 2 rock piercers 3 fog clouds 2 yellow lights 2 shriekers 7 gnome lords 3 gnomish wizards 2 kobold mummies a red naga hatchling a black naga hatchling a golden naga hatchling a guardian naga hatchling 3 gray oozes 2 elf zombies 2 paper golems a baby crocodile 2 giant ants a little dog 3 floating eyes a kitten 6 dwarves a homunculus 2 kobold lords 3 kobold shamans 6 hill orcs a rothe 3 rabid rats 2 centipedes 4 giant bats a monkey an orc zombie 2 wererats 2 iguanas 2 killer bees an acid blob 2 coyotes 3 gas spores a hobbit 5 manes a large kobold 2 hobgoblins 4 giant rats 5 cave spiders a brown mold 2 yellow molds a green mold 2 red molds 22 gnomes 6 garter snakes 2 gnome zombies 5 geckos 20 jackals 6 foxes 5 kobolds 7 goblins 12 sewer rats 6 grid bugs a bat 9 lichens 6 kobold zombies 19 newts 247 creatures vanquished. Voluntary challenges: You used a wielded weapon 359 times, starting on turn 454. You read items or engraved 478 times, starting on turn 863. You never genocided any monsters. You never polymorphed an object. You changed form 1 time, starting on turn 5228. You used no wishes. You never split a pudding. You wrote Elbereth's name 460 times, starting on turn 864. You violated your moral code, losing 51 points of alignment, starting on turn 5707. Dungeon overview: The Dungeons of Doom: levels 1 to 7 Level 1 an altar to The Lady a long staircase Level 2 a general store Level 3 an altar to The Lady stairs to The Gnomish Mines Level 4 (stash) a fountain Level 5 Level 6 stairs to Sokoban Level 7 The Gnomish Mines: levels 4 to 7 Level 4 stairs to The Dungeons of Doom Level 5 Level 6 many shops, a temple to Blind Io, some fountains Level 7 <- You were here Sokoban: levels 2 to 5 Level 2 Level 3 Level 4 Level 5 stairs to The Dungeons of Doom History has recorded: On T:1 you entered the Dungeons of Doom to retrieve the Amulet of Yendor! On T:123 you reached level 2 of The Dungeons of Doom. On T:603 you advanced to experience level 2. On T:743 you reached level 3 of The Dungeons of Doom. On T:1013 you advanced to experience level 3. On T:1230 you reached level 4 of The Dungeons of Doom. On T:1274 you reached level 5 of The Dungeons of Doom. On T:1422 you reached level 6 of The Dungeons of Doom. On T:1557 you reached level 7 of The Dungeons of Doom. On T:1611 you reached level 4 of Sokoban. On T:1730 you advanced to experience level 4. On T:2179 you reached level 3 of Sokoban. On T:4819 you advanced to experience level 5. On T:4833 you reached level 2 of Sokoban. On T:5885 you reached level 1 of Sokoban. On T:6343 you advanced to experience level 6. On T:9888 you advanced to experience level 7. On T:10396 you reached level 1 of The Gnomish Mines. On T:10497 you reached level 2 of The Gnomish Mines. On T:11102 you reached level 3 of The Gnomish Mines. On T:11491 you reached level 4 of The Gnomish Mines. Score breakdown: Gold: 1912 (11163 points) Experience: 7 levels (13645 points) Exploration: 7 levels ( 14.58%) (10718 points) Discoveries: 6 items ( 2.01%) ( 4256 points) Valuables value: (no points given unless you survive) Artifact value: 0 ( 0 points) Variety of kills: 66 monsters ( 17.32%) (12486 points) Turncount: 11814 turns (-2624 points) Survival: died (score multiplied by 80%) Total score: 39715 Latest messages: The gnome is killed! You displace your large cat. You see here a chain mail. The large cat picks up a chain mail. The large cat drops a chain mail. You feel charismatic! Pick an object. A minotaur on the floor of a room. Pick an object. A minotaur on the floor of a room. Pick an object. The floor of a room. The minotaur is blinded by the flash! The minotaur hits! (2x) The minotaur butts! The minotaur hits! You die... Final status: Aloha tourhack the Tourist, killed by a minotaur... You died in The Gnomish Mines on dungeon level 7 with 39715 points, and 2467 pieces of gold, after 11814 moves. You were level 7 with a maximum of 59 hit points when you died.